 Dungeon Crawl Stone Soup version 0.19-a0-1065-gdac414d (webtiles) character file.

171 Erlindor the Firebug (level 5, 0/31 HPs)
             Began as a High Elf Fire Elementalist on Aug 3, 2016.
             Slain by Sigmund
             ... wielding a +0 scythe
              (10 damage)
             ... on level 3 of the Dungeon.
             The game lasted 00:08:11 (2766 turns).

Erlindor the Firebug (High Elf Fire Elementalist)   Turns: 2766, Time: 00:08:12

Health: 0/31       AC:  5    Str:  7    XL:     5   Next: 26%
Magic:  0/12       EV: 13    Int: 19    God:
Gold:   153        SH:  0    Dex: 16    Spells: 4 memorised, 2 levels left

rFire  . . .     SeeInvis .     v - +3 dagger
rCold  . . .     Gourm    .     a - +0 robe
rNeg   . . .     Faith    .     (no shield)
rPois  .         Spirit   .     (no helmet)
rElec  .         Dismiss  .     (no cloak)
rCorr  .         Reflect  .     n - +2 pair of gloves
SustAt .         Harm     .     (no boots)
MR     .....                    (no amulet)
Stlth  ++........               (no ring)
                                (no ring)

@: very slightly contaminated
A: no striking features
a: no special abilities


You were on level 3 of the Dungeon.
You were not hungry.

You visited 1 branch of the dungeon, and saw 3 of its levels.

You collected 153 gold pieces.

Inventory:

Hand Weapons
 v - a +3 dagger (weapon)
Missiles
 d - 121 stones (quivered)
Armour
 a - a +0 robe (worn)
 n - a +2 pair of gloves (worn)
Jewellery
 q - an uncursed ring of stealth {unknown}
Scrolls
 f - 4 scrolls of blinking
 g - a scroll of amnesia {unknown}
 h - 2 scrolls of fog {unknown}
 i - 2 scrolls of noise {unknown}
 j - a scroll of enchant armour {unknown}
 l - 3 scrolls of identify {unknown}
 m - a scroll of remove curse
 p - a scroll of random uselessness {unknown}
 r - a scroll of recharging {unknown}
 t - 2 scrolls of teleportation {unknown}
Potions
 e - a potion of haste {unknown}
 o - 2 potions of curing
 u - a potion of brilliance {unknown}
Books
 b - a book of Flames

   Spells                             Type                      Level
   a - Flame Tongue                   Conjuration/Fire             1
   b - Throw Flame                    Conjuration/Fire             2
   c - Conjure Flame                  Conjuration/Fire             3
   d - Inner Flame                    Hexes/Fire                   3
   e - Sticky Flame                   Conjuration/Fire             4
   f - Fireball                       Conjuration/Fire             5
Comestibles
 c - a bread ration
 k - a fruit
 s - a meat ration
 w - a chunk of flesh


   Skills:
 - Level 2.2 Dodging
 - Level 2.1 Stealth
 + Level 4.2 Spellcasting
 + Level 2.9 Conjurations
 + Level 4.3 Fire Magic


You had 2 spell levels left.
You knew the following spells:

 Your Spells              Type           Power        Failure   Level  Hunger
a - Flame Tongue          Conj/Fire      ###..        3%          1    None
b - Throw Flame           Conj/Fire      ###...       6%          2    #......
c - Conjure Flame         Conj/Fire      ###.....     12%         3    ###....
d - Sticky Flame          Conj/Fire      ###.....     34%         4    ####...


Dungeon Overview and Level Annotations

Branches:
Dungeon (3/15)

Altars:

Annotations:
D:3 Sigmund


Message History

Press: ? - help, Shift-Dir - straight line, f/p - Sigmund
Aim: Sigmund, wielding a scythe and wearing a robe (moderately wounded)
The flame tongue hits Sigmund.
Sigmund is heavily wounded.
Sigmund says, "Don't worry, I'll kill you fast."
Sigmund points at you and mumbles some strange words.
The puff of flame hits you!
Sigmund hits you from afar with a scythe.
Sigmund hits you with a scythe.
You hit Sigmund.
Sigmund is severely wounded.
Casting: Flame Tongue
Confirm with . or Enter, or press ? or * to list all spells.
Aiming: Flame Tongue
Press: ? - help, Shift-Dir - straight line, f/p - Sigmund
Aim: Sigmund, wielding a scythe and wearing a robe (severely wounded)
The flame tongue hits Sigmund.
Sigmund is severely wounded.
Sigmund hits you with a scythe!
You die...

..<†.............# .#
#.#.###.########.# ...#@#.##...##
#.# .............# #.#
........#...## #.# .######.##.##
##.#### #.##.# #...... .# #@##.#
##..#### ##♣.♣#♣#♣#@##+##
#......# #..........#...##
#...##.# #.♣.♣.♣.♣.......##
#......#
...##...........###..#.#.#
########...#.##.........##......#
........................'....†...
########...###..........####....#
## ##..# #.#.......## ..#.. .#
#..# #.##.....## ###.#


You could see Sigmund.

Vanquished Creatures
  Terence (D:3)
  Natasha (D:2)
  5 adders (D:2)
  A worm (D:2)
  2 dart slugs
  2 giant geckos (D:1)
  An orc (D:2)
  3 ball pythons (D:2)
  8 bats
  2 giant cockroaches
  7 goblins
  13 hobgoblins
  4 jackals (D:1)
  4 kobolds
  2 quokkas
  5 giant newts
  3 rats
64 creatures vanquished.

Notes
Turn   | Place    | Note
-------+----------+-------------------------------------------
     0 | D:1      | Erlindor the High Elf Fire Elementalist began the quest for the Orb.
     0 | D:1      | Reached XP level 1. HP: 11/11 MP: 4/4
   421 | D:1      | Reached XP level 2. HP: 7/17 MP: 0/6
   616 | D:1      | Learned a level 2 spell: Throw Flame
   970 | D:1      | You fall through a shaft!
  1082 | D:2      | Reached XP level 3. HP: 20/21 MP: 3/8
  1680 | D:2      | Reached XP level 4. HP: 27/27 MP: 1/10
  2388 | D:3      | Noticed Natasha
  2403 | D:2      | Killed Natasha
  2517 | D:3      | Noticed Terence
  2534 | D:3      | Killed Terence
  2534 | D:3      | Reached XP level 5. HP: 24/31 MP: 0/12
  2646 | D:3      | Learned a level 3 spell: Conjure Flame
  2651 | D:3      | Learned a level 4 spell: Sticky Flame
  2753 | D:3      | Noticed Sigmund
  2766 | D:3      | Slain by Sigmund

Vault maps used:
D:1:      evilmike_arrival_rings
D:2:      minmay_fountain_box, minmay_split_cup_large
D:3:      serial_forest, infiniplex_forest_lined_2,
          infiniplex_forest_straight_3, infiniplex_forest_straight_4,
          infiniplex_forest_lined_2, infiniplex_forest_clump_small,
          infiniplex_forest_clump_curved, infiniplex_forest_lined_room_2,
          infiniplex_forest_split, first_bread, kennysheep_slug_shrine,
          uniq_natasha, uniq_terence, uniq_sigmund

Skill      XL: |  1  2  3  4 |
---------------+-------------+-----
Spellcasting   | 3 4 |  4.2
Conjurations   | 2 |  2.9
Fire Magic     | 4 |  4.3
Dodging        | |  2.2
Stealth        | |  2.1

Action                   |  1- 3 |  4- 6 || total
-------------------------+-------+-------++-------
Melee: Club              |    43 |       ||    43
       Short sword       |       |    13 ||    13
       Dagger            |       |    11 ||    11
Throw: Stone             |     3 |       ||     3
 Cast: Flame Tongue      |    33 |    50 ||    83
       Throw Flame       |    16 |    17 ||    33
  Use: Scroll            |       |     2 ||     2
 Stab: Sleeping          |     3 |     1 ||     4
  Eat: Chunk             |     3 |     4 ||     7
Armor: Robe              |    11 |    14 ||    25
Dodge: Dodged            |    50 |    39 ||    89
